 Dungeon Crawl Stone Soup version 0.22-a0-346-ga7143740d5 (webtiles) character file.

68 RKaid the Ruffian (level 4, -2/38 HPs)
             Began as a Ghoul Warper on Apr 6, 2018.
             Slain by a worm (10 damage)
             ... on level 2 of the Dungeon.
             The game lasted 00:04:50 (1256 turns).

RKaid the Ruffian (Ghoul Warper)                    Turns: 1256, Time: 00:04:51

Health: -2/38      AC:  3    Str: 18    XL:     4   Next: 19%
Magic:  6/6        EV: 12    Int:  9    God:
Gold:   43         SH:  0    Dex:  8    Spells: 7/7 levels left

rFire    . . .     SeeInvis .     - Unarmed
rCold    + . .     Gourm    .   (no shield)
rNeg     + + +     Faith    .   a - +0 leather armour
rPois    ∞         Spirit   .   (no helmet)
rElec    .         Reflect  .   (no cloak)
rCorr    .         Harm     .   (no gloves)
MR       .....                  (no boots)
Stlth    +.........             (no amulet)
HPRegen  0.00/turn              c - +4 ring of strength
MPRegen  0.10/turn              (no ring)

@: rotting
A: rotting body, claws 1, carnivore, cold resistance 1, negative energy
resistance 3, inhibited regeneration, torment resistance, unbreathing
a: no special abilities


You were on level 2 of the Dungeon.
You were not hungry.

You visited 1 branch of the dungeon, and saw 2 of its levels.

You collected 43 gold pieces.

Inventory:

Missiles
 d - 5 tomahawks of dispersal {=f}
 e - 26 sling bullets
 g - 2 tomahawks (quivered)
Armour
 a - a +0 leather armour (worn)
Jewellery
 c - a +4 ring of strength (left claw)
   (You found it on level 1 of the Dungeon)
Scrolls
 j - a scroll of remove curse {unknown}
 k - a scroll of magic mapping {unknown}
 l - 2 scrolls of blinking {!r}
 n - 3 scrolls of identify {unknown}
Potions
 b - a potion of haste {unknown}
 h - a potion of cancellation {unknown}
 m - a potion of mutation {unknown}
 o - 2 potions of flight {unknown}
Comestibles
 f - 4 rations
 i - 3 chunks of flesh


   Skills:
 + Level 3.0 Fighting
 - Level 1.0 Throwing
 - Level 1.0 Armour
 + Level 2.3 Dodging
 * Level 3.5 Unarmed Combat
 - Level 2.0 Spellcasting
   Level 2.6 Translocations


You had 7 spell levels left.
You didn't know any spells.

Dungeon Overview and Level Annotations

Branches:
Dungeon (2/15)

Altars:
Fedhas
Qazlal
Yredelemnul
Zin


Innate Abilities, Weirdness & Mutations

Your body is rotting away.
You thrive on raw meat.
You are immune to poison.
You have sharp fingernails.
You are carnivorous and can eat meat at any time.
Your flesh is cold resistant. (rC+)
You are immune to negative energy. (rN+++)
You do not regenerate when monsters are visible.
You are immune to unholy pain and torment.
You can survive without breathing.


Message History

a hunting sling; an uncursed dagger; 17 stones; a club; a goblin corpse You miss the goblin.
The goblin misses you.
You scratch the goblin.
You kill the goblin!
A goblin comes into view.
You closely miss the rat.
The goblin shouts!
You hear a shout! x2
The rat closely misses you.
You hear a shout! 2 hobgoblins come into view.
The hobgoblin shouts!
You scratch the rat.
You kill the rat!
You hear a shout!
The hobgoblin moves out of view.
Robin of the Strong Arm comes into view.
She is wielding an enchanted club.
You scratch the goblin.
Robin roars a battlecry!
The goblins go into a battle-frenzy!
The goblin hits you but does no damage.
You claw the goblin!
You kill the goblin!
Eat one of 4 chunks of flesh? (ye/n/q)
You eat one of the 4 chunks of flesh.
This raw flesh tastes great!
You scratch the goblin.
You kill the goblin!
Eat one of 3 chunks of flesh? (ye/n/q)
You eat one of the 3 chunks of flesh.
This raw flesh tastes great!
A goblin comes into view.
You closely miss the goblin. The goblin hits you.
You scratch the goblin.
You kill the goblin!
Throwing (i - inventory. (/) - cycle)
g - 3 tomahawks (quivered)
Press: ? - help, Shift-Dir - straight line, f - Robin
Aim: Robin, wielding an enchanted club, wearing a dyed animal skin and wearing a helmet You throw a tomahawk.
The tomahawk hits Robin but does no damage.
Robin says, "Duck!"
You scratch Robin.
Robin says, "Feeling lonely?"
Robin barely misses you.
A goblin comes into view.
You scratch Robin but do no damage.
The hobgoblin no longer looks unusually strong.
Robin hits you with an enchanted club.
A goblin comes into view. It is wielding a club.
You scratch Robin but do no damage. You closely miss Robin.
Robin completely misses you.
You scratch Robin but do no damage.
The goblin no longer looks unusually strong.
Robin hits you with an enchanted club.
You scratch Robin but do no damage. Robin hits you with an enchanted club.
You scratch Robin but do no damage. Robin hits you with an enchanted club.
You scratch Robin.
The hobgoblin no longer looks unusually strong.
Robin hits you with an enchanted club.
You closely miss Robin. You scratch Robin.
The goblin no longer looks unusually strong.
Robin hits you with an enchanted club.
* * * LOW HITPOINT WARNING * * *
Eat one of 2 chunks of flesh? (ye/n/q)
You eat one of the 2 chunks of flesh.
This raw flesh tastes great!
The goblin no longer looks unusually strong.
Robin closely misses you.
Eat a chunk of flesh? (ye/n/q)
You eat the chunk of flesh.
This raw flesh tastes great!
Robin hits you with an enchanted club!
A worm comes into view.
You scratch Robin but do no damage. Robin misses you.
You scratch Robin. Robin hits you with an enchanted club.
* * * LOW HITPOINT WARNING * * *
You scratch Robin.
You kill Robin!
You have reached level 4!
You barely miss the hobgoblin. The hobgoblin misses you.
You claw the hobgoblin!
You kill the hobgoblin!
You barely miss the goblin. The goblin hits you.
* * * LOW HITPOINT WARNING * * *
You scratch the goblin but do no damage.
The goblin misses you.
You claw the goblin!
You kill the goblin!
You closely miss the hobgoblin.
The hobgoblin hits you but does no damage.
You claw the hobgoblin!
You kill the hobgoblin!
You closely miss the goblin. The goblin completely misses you.
You scratch the goblin.
You kill the goblin!
Your Fighting skill increases to level 3!
You scratch the goblin.
You kill the goblin!
Items here: ))) [[ †††††† You butcher the goblin corpse.
Items here: % ))) [[ †††††
i - 3 chunks of flesh The worm bites you!
You die...

....## ..... ... #.. #...#
.... .. #.# #...# ..#
#.##.## #...# .# #..#..
#...# .# .# ##...# #...# #
.## #.# #....# #...#.## ..##
#.# ##.#..#####......#.
#..###.###......@w((.......?
#......##..#.#######.._.....
###..#.##.#..# #........ #
##........## #..g.8.._ #
##.....### #g....... ##
#.....# #gg..g$.. .#
##.#...# #...._(..
..###......# #.g.(....
#...#.#.....#


You could see a worm.

Vanquished Creatures
  Robin (D:2)
  A dart slug (D:1)
  A leopard gecko (D:1)
  An orc (D:2)
  5 bats
  13 goblins
  8 hobgoblins
  6 jackals
  3 frilled lizards (D:1)
  2 kobolds
  9 rats
50 creatures vanquished.

Notes
Turn   | Place    | Note
-------+----------+-------------------------------------------
     0 | D:1      | RKaid the Ghoul Warper began the quest for the Orb.
     0 | D:1      | Reached XP level 1. HP: 17/17 MP: 2/2
    58 | D:1      | Reached skill level 1 in Throwing
    58 | D:1      | Reached skill level 1 in Armour
   206 | D:1      | Reached XP level 2. HP: 18/25 MP: 3/3
   471 | D:1      | Reached skill level 2 in Dodging
   471 | D:1      | Reached skill level 2 in Spellcasting
   811 | D:1      | Reached XP level 3. HP: 29/30 MP: 5/5
   852 | D:1      | Reached skill level 3 in Unarmed Combat
  1184 | D:2      | Found a blossoming altar of Fedhas.
  1194 | D:2      | Found a stormy altar of Qazlal.
  1199 | D:2      | Found a glowing silver altar of Zin.
  1200 | D:2      | Found a basalt altar of Yredelemnul.
  1218 | D:2      | Noticed Robin
  1242 | D:2      | HP: 7/30 [Robin/enchanted club (3)]
  1243 | D:2      | Killed Robin
  1243 | D:2      | Reached XP level 4. HP: 9/37 MP: 6/6
  1252 | D:2      | Reached skill level 3 in Fighting
  1256 | D:2      | Slain by a worm

Vault maps used:
D:1:      mainiacjoe_arrival_reflecting_pool
D:2:      cheibrodos_fertilizer, grunt_temple_overflow_open,
          lemuel_crystal_altar, uniq_natasha, uniq_robin

Skill      XL: |  1  2  3  4 |
---------------+-------------+-----
Throwing       | 1 |  1.0
Armour         | 1 |  1.0
Dodging        | 2 |  2.3
Spellcasting   | 2 |  2.0
Unarmed Combat | 3 |  3.5
Fighting       | 3 |  3.0
Translocations | |  2.6

Action                   |  1- 3 |  4- 6 || total
-------------------------+-------+-------++-------
Melee: Unarmed           |   151 |    10 ||   161
       Punch             |     1 |       ||     1
Throw: Tomahawk          |     1 |       ||     1
  Eat: Chunk             |    13 |       ||    13
Armor: Leather armour    |    41 |     1 ||    42
Dodge: Dodged            |    92 |     3 ||    95

Table legend:
 A = Spawn XP
 B = Non-spawn XP
 C = Spawn XP percentage of total XP
 D = Spawn monster count
 E = Non-spawn monster count
 F = Spawn count percentage of total count
 G = Total turns spent on level
                    A         B        C        D         E        F      G
               +---------+---------+-------+---------+---------+-------+---------
         Total |       0 |      98 |   0.0 |       0 |      50 |   0.0 |  1256
               +---------+---------+-------+---------+---------+-------+---------
           D:1 |       0 |      46 |   0.0 |       0 |      27 |   0.0 |  1075
           D:2 |       0 |      52 |   0.0 |       0 |      23 |   0.0 |   181
               +---------+---------+-------+---------+---------+-------+---------

Table legend:
 A = Turns spent in this place as a percentage of turns spent in the entire game.
 B = Non-inter-level travel turns spent in this place as a percentage of non-inter-level travel turns spent in the entire game.
 C = Inter-level travel turns spent in this place as a percentage of turns spent in this place.
 D = Turns resting spent in this place as a percentage of non-inter-level travel turns spent in this place.
 E = Turns spent auto-exploring this place as a percentage of non-inter-level travel turns spent in this place.
 F = Non-inter-level travel turns spent in this place divided by the number of levels of this place that you've seen.
                   A       B       C       D       E      F
               +-------+-------+-------+-------+-------+----------------------
         Total | 100.0 | 100.0 |   2.1 |  12.6 |  59.4 | 615.0
       Dungeon | 100.0 | 100.0 |   2.1 |  12.6 |  59.4 | 615.0
               +-------+-------+-------+-------+-------+----------------------

Table legend:
 A = Kills in this place as a percentage of kills in entire the game.
 B = Kills by you in this place as a percentage of kills by you in the entire game.
 C = Kills by friends in this place as a percentage of kills by friends in the entire game.
 D = Other kills in this place as a percentage of other kills in the entire game.
 E = Experience gained in this place as a percentage of experience gained in the entire game.
 F = Experience gained in this place divided by the number of levels of this place that you have seen.
                   A       B       C       D       E      F
               +-------+-------+-------+-------+-------+----------------------
         Total | 100.0 | 100.0 |   N/A |   N/A | 100.0 |  49.0
       Dungeon | 100.0 | 100.0 |   N/A |   N/A | 100.0 |  49.0
               +-------+-------+-------+-------+-------+----------------------
